 Dungeon Crawl Stone Soup version 0.31-a0-233-g139696dc86 (webtiles) character file.

Game seed: 6617134953050572806

328 qw the Shooter (level 6, -2/51 HPs)
             Began as a Minotaur Hexslinger on July 9, 2023.
             Slain by a gnoll
             ... wielding a +0 spear
              (5 damage)
             ... on level 4 of the Dungeon.
             The game lasted 00:01:17 (3326 turns).

qw the Shooter (Minotaur Hexslinger)                Turns: 3326, Time: 00:01:18

Health: -2/51      AC:  8    Str: 13    XL:     6   Next: 25%
Magic:  6/6        EV: 11    Int: 10    God:
Gold:   222        SH:  0    Dex: 14    Spells: 6/7 levels left

rFire   . . .        Y - +2 sling (flame)
rCold   . . .        (no shield)
rNeg    . . .        b - +0 ring mail
rPois   .            (helmet restricted)
rElec   .            (no cloak)
rCorr   .            k - +2 pair of gloves
SInv    .            (no boots)
Will    .....        (no amulet)
Stlth   +            (no ring)
HPRegen 0.28/turn    (no ring)
MPRegen 0.10/turn

%: no passive effects
@: about to teleport
A: horns 2, retaliatory headbutt
a: no special abilities


You were on level 4 of the Dungeon.
You visited 1 branch of the dungeon, and saw 4 of its levels.

You collected 222 gold pieces.


Innate Abilities, Weirdness & Mutations

You have a pair of horns on your head.
You reflexively headbutt those who attack you in melee.


   Skills:
 + Level 3.3 Fighting
 - Level 6.0 Ranged Weapons
 - Level 2.9 Armour
 - Level 2.1 Dodging
 - Level 1.0 Spellcasting
 - Level 2.0 Hexes


You had 6 spell levels left.
You knew the following spells:

 Your Spells              Type           Power      Damage    Failure   Level
a - Slow                  Hex            16%        N/A       30%         1

Your spell library contained the following spells:

 Spells                   Type           Power      Damage    Failure   Level
 Inner Flame              Hex/Fire       2%         N/A       80%         3
 Portal Projectile        Hex/Tloc       4%         N/A       80%         3
 Cause Fear               Hex            2%         N/A       97%         4

Inventory:

Hand Weapons
 Y - a +2 sling of flaming (weapon)
Armour
 b - a +0 ring mail (worn)
 k - a +2 pair of gloves (worn)
Wands
 i - a wand of digging (5)
Potions
 e - a potion of enlightenment
 f - a potion of haste {unknown}
 h - a potion of lignification {unknown}
 j - a potion of berserk rage {unknown}
 n - a potion of cancellation {unknown}

Dungeon Overview and Level Annotations

Branches:
Dungeon (4/15)
 Temple: D:4-7

Altars:

Shops:
D:3 =

Annotations:
D:2 1 runed translucent door, Crazy Yiuf


Message History

You kill the kobold!
The gnoll closely misses you.
3317 ||| Stepping ~*~*~tactically~*~*~ (outnumbered).
You start resting.
A gnoll is nearby!
You shoot a sling bullet. The sling bullet hits the gnoll.
The sling bullet burns the gnoll.
The gnoll is moderately wounded.
The gnoll barely misses you.
You shoot a sling bullet. The sling bullet hits the gnoll.
The sling bullet burns the gnoll.
The gnoll is heavily wounded.
The gnoll hits you from afar with a +0 halberd!
You shoot a sling bullet.
The sling bullet hits the gnoll but does no damage.
The gnoll is heavily wounded.
The gnoll misses you. The gnoll closely misses you.
You shoot a sling bullet.
The sling bullet closely misses the gnoll.
The gnoll hits you from afar with a +0 halberd.
The gnoll misses you.
You shoot a sling bullet. The sling bullet hits the gnoll.
The sling bullet burns the gnoll.
The gnoll is moderately wounded.
The gnoll closely misses you. The gnoll hits you but does no damage.
The gnoll hits you with a +0 flail!
You shoot a sling bullet.
The sling bullet barely misses the gnoll.
The gnoll misses you. The gnoll barely misses you. You furiously retaliate!
You headbutt the gnoll.
The gnoll hits you from afar with a +0 halberd!
3325 ||| READING scroll of teleportation.
As you read the scroll of teleportation, it crumbles to dust.
You feel strangely unstable. The gnoll misses you. The gnoll barely misses you.
The gnoll hits you with a +0 flail!
You shoot a sling bullet.
The sling bullet barely misses the gnoll.
The gnoll hits you with a +0 spear.
You die...

#########
...ggg)g# #####g#
#.).@g# #.#######
#.....'.# ###
#######.# #.# #.#
####.##########.#
#...............#
#.#####.#########
#<...##.#


You could see 3 gnolls.

Vanquished Creatures
  A phantom (D:3)
  2 orc priests (D:3)
  Terence (D:2)
  A sleepcap (D:3)
  Robin (D:2)
  4 adders
  3 dart slugs
  11 orcs
  13 bats
  4 endoplasms
  2 giant cockroaches (D:1)
  9 goblins
  7 hobgoblins
  A quokka (D:2)
  4 ball pythons
  6 frilled lizards
  9 kobolds
  6 rats
85 creatures vanquished.

Notes
Turn   | Place    | Note
-------+----------+-------------------------------------------
     0 | D:1      | qw the Minotaur Hexslinger began the quest for the Orb.
     0 | D:1      | Reached XP level 1. HP: 16/16 MP: 1/1
     0 | D:1      | 0 ||| qw: Version: 0.3-a-51-g015441d
     0 | D:1      | 0 ||| qw: Game counter: 3875
     0 | D:1      | 0 ||| qw: Melee chars always use a shield: true
     0 | D:1      | 0 ||| qw: God list: Okawaru
     0 | D:1      | 0 ||| qw: Allow faded altars: false
     0 | D:1      | 0 ||| qw: Do Orc after clearing Dungeon:15 true
     0 | D:1      | 0 ||| qw: Do second Lair branch before Depths: true
     0 | D:1      | 0 ||| qw: Lair rune preference: random
     0 | D:1      | 0 ||| qw: Goals: Normal
     0 | D:1      | 0 ||| PLANNING D:1-11
   175 | D:1      | Reached skill level 3 in Ranged Weapons
   175 | D:1      | Reached XP level 2. HP: 23/23 MP: 2/2
   926 | D:1      | 926 ||| UPGRADING to +0 leather armour.
   936 | D:1      | 936 ||| DROPPING +0 robe.
   937 | D:1      | 937 ||| READING scroll labelled HUZUDAGGEW.
   938 | D:1      | 938 ||| READING scroll labelled YGEOLA MASUWN.
   939 | D:1      | 939 ||| READING 2 scrolls labelled EHAGGE HAGG.
   940 | D:1      | 940 ||| READING scroll labelled VAIPTY PATIX.
   945 | D:1      | 945 ||| DROPPING scroll of poison.
   946 | D:1      | 946 ||| DROPPING scroll of immolation.
   977 | D:2      | Reached XP level 3. HP: 29/29 MP: 3/3
  1014 | D:2      | Noticed Terence
  1015 | D:2      | Reached skill level 4 in Ranged Weapons
  1025 | D:2      | Killed Terence
  1026 | D:2      | Reached XP level 4. HP: 24/36 MP: 4/4
  1028 | D:2      | 1028 ||| FLEEEEING.
  1191 | D:2      | Noticed Robin
  1205 | D:2      | Killed Robin
  1206 | D:2      | Reached skill level 5 in Ranged Weapons
  1700 | D:2      | Found a runed translucent door.
  1701 | D:2      | Noticed Crazy Yiuf
  1825 | D:2      | 1825 ||| UPGRADING to +0 ring mail.
  1835 | D:2      | 1835 ||| UPGRADING to +2 pair of gloves.
  1840 | D:2      | 1840 ||| DROPPING +0 leather armour.
  1841 | D:2      | 1841 ||| DROPPING amulet of magic regeneration.
  1842 | D:2      | 1842 ||| READING scroll labelled NINENOA LEIMMA.
  1843 | D:2      | 1843 ||| READING 2 scrolls labelled UKICHA BEAC.
  1844 | D:2      | 1844 ||| READING 2 scrolls labelled EPUPONL REMUPN.
  1845 | D:2      | 1845 ||| DRINKING 2 smoky red potions.
  1846 | D:2      | 1846 ||| DRINKING 2 bubbling inky potions.
  1847 | D:2      | 1847 ||| DROPPING potion of brilliance.
  1848 | D:2      | 1848 ||| DROPPING scroll of blinking.
  1849 | D:2      | 1849 ||| DROPPING scroll of fog.
  1881 | D:3      | Noticed a phantom
  1891 | D:3      | Killed a phantom
  1892 | D:3      | Reached XP level 5. HP: 39/42 MP: 5/5
  1921 | D:3      | Reached skill level 3 in Fighting
  1922 | D:3      | 1922 ||| FLEEEEING.
  1923 | D:3      | 1923 ||| FLEEEEING.
  1924 | D:3      | 1924 ||| FLEEEEING.
  1925 | D:3      | 1925 ||| FLEEEEING.
  1926 | D:3      | 1926 ||| FLEEEEING.
  1927 | D:3      | 1927 ||| FLEEEEING.
  1928 | D:3      | 1928 ||| FLEEEEING.
  1929 | D:3      | 1929 ||| FLEEEEING.
  1930 | D:3      | 1930 ||| FLEEEEING.
  1931 | D:3      | 1931 ||| FLEEEEING.
  1932 | D:3      | 1932 ||| FLEEEEING.
  1933 | D:3      | 1933 ||| FLEEEEING.
  1935 | D:3      | 1935 ||| STAIRDANCE
  2032 | D:3      | 2032 ||| STAIRDANCE
  2443 | D:3      | Reached XP level 6. HP: 51/51 MP: 6/6
  2646 | D:3      | Found Qudwel's Jewellery Shoppe.
  2652 | D:3      | 2652 ||| SHOPLISTING +4 ring of slaying (1092 gold, have
                  | 167).
  2652 | D:3      | 2652 ||| SHOPLISTING +5 ring of evasion (504 gold, have
                  | 167).
  2652 | D:3      | 2652 ||| SHOPLISTING amulet of regeneration (420 gold, have
                  | 167).
  2652 | D:3      | 2652 ||| SHOPLISTING dreamshard necklace {Acrobat *Dream}
                  | (2800 gold, have 167).
  2652 | D:3      | 2652 ||| SHOPLISTING ring "Mesuis" {Will+ rCorr} (456 gold,
                  | have 167).
  2652 | D:3      | 2652 ||| SHOPLISTING ring of poison resistance (280 gold,
                  | have 167).
  2652 | D:3      | 2652 ||| SHOPLISTING ring of positive energy (280 gold,
                  | have 167).
  2652 | D:3      | 2652 ||| SHOPLISTING ring of see invisible (210 gold, have
                  | 167).
  3199 | D:3      | 3199 ||| DROPPING +2 pair of gloves.
  3200 | D:3      | 3200 ||| READING scroll labelled GOYSSUHO DUKOM.
  3201 | D:3      | 3201 ||| READING scroll labelled AQYUR NITRO.
  3202 | D:3      | 3202 ||| READING scroll labelled DOOMAG BOKI.
  3302 | D:4      | Reached skill level 6 in Ranged Weapons
  3308 | D:4      | 3308 ||| Stepping ~*~*~tactically~*~*~ (outnumbered).
  3310 | D:4      | 3310 ||| Stepping ~*~*~tactically~*~*~ (outnumbered).
  3312 | D:4      | 3312 ||| Stepping ~*~*~tactically~*~*~ (outnumbered).
  3317 | D:4      | 3317 ||| Stepping ~*~*~tactically~*~*~ (outnumbered).
  3324 | D:4      | HP: 11/51 [gnoll/+0 halberd (8)]
  3325 | D:4      | 3325 ||| READING scroll of teleportation.
  3325 | D:4      | HP: 2/51 [gnoll/+0 flail (9)]
  3326 | D:4      | Slain by a gnoll

Levels and vault maps discovered:
D:1:      roderic_dead_forest, layout_basic, nicolae_hexahallways
D:2:      layout_basic, uniq_terence, uniq_crazy_yiuf_cottage, uniq_robin
D:3:      minmay_skewed_foursquare, layout_basic, serial_shops, shop,
          corexii_hall_statues_i, kennysheep_boxes
D:4:      kb_forest_paths, layout_loops_ring,
          chequers_temple_overflow_minitemple, roderic_serpentine_path,
          grunt_ministairs_4, minmay_misc_feat_room,
          hangedman_decor_diamond_cutter, uniq_duvessa

Skill      XL: |  1  2  3  4  5  6 |
---------------+-------------------+-----
Ranged Weapons | 3 4 5 6 |  6.0
Fighting       | 2 3 |  3.3
Armour         | 2 |  2.9
Dodging        | |  2.1
Spellcasting   | |  1.0
Hexes          | |  2.0

Action                     |  1- 3 |  4- 6 || total
---------------------------+-------+-------++-------
   Fire: Sling             |    76 |   176 ||   252
    Use: Scroll            |     4 |     7 ||    11
         Potion            |       |     2 ||     2
 Armour: Robe              |     4 |       ||     4
         Ring mail         |       |    33 ||    33
         Leather armour    |       |     3 ||     3
  Dodge: Dodged            |    18 |    58 ||    76

Table legend:
 A = Non-vault XP
 B = Vault XP
 C = Vault XP percentage of total XP
 D = Non-vault monster count
 E = Vault monster count
 F = Vault count percentage of total count
                 A         B        C        D         E       F
            +---------+---------+-------+---------+---------+-------
      Total |     361 |     108 |  23.0 |      70 |      15 |  17.6
            +---------+---------+-------+---------+---------+-------
        D:1 |      36 |       0 |   0.0 |      22 |       0 |   0.0
        D:2 |      88 |      61 |  40.9 |      27 |       8 |  22.9
        D:3 |     232 |      44 |  15.9 |      19 |       6 |  24.0
        D:4 |       5 |       3 |  37.5 |       2 |       1 |  33.3
            +---------+---------+-------+---------+---------+-------
